 Dungeon Crawl Stone Soup version 0.24-a0-179-g7a2c91a (webtiles) character file.

Game seed: 618176172913762680

437 Lanoc the Chopper (level 6, -1/61 HPs)
             Began as a Troll Gladiator on Mar 13, 2019.
             Slain by a leopard gecko (5 damage)
             ... on level 4 of the Dungeon.
             The game lasted 00:04:26 (1475 turns).

Lanoc the Chopper (Troll Gladiator)                 Turns: 1475, Time: 00:04:27

Health: -1/61      AC:  6    Str: 23    XL:     6   Next: 69%
Magic:  5/5        EV: 11    Int:  4    God:
Gold:   60         SH:  0    Dex: 13    Spells: 5/5 levels left

rFire    + . .     SeeInvis .   a - +0 war axe
rCold    . . .     Gourm    +   (no shield)
rNeg     . . .     Faith    .   b - +0 robe
rPois    .         Spirit   .   c - +0 hat
rElec    .         Reflect  .   (no cloak)
rCorr    .         Harm     .   (gloves unavailable)
MR       .....                  (boots unavailable)
Stlth    +.........             v - amulet of magic regeneration
HPRegen  0.60/turn              i - ring of protection from fire
MPRegen  0.34/turn              (no ring)

@: lethally poisoned (-1 -> -2), slowed, very slow
A: large, unfitting armour, claws 3, fast metabolism 3, gourmand, regeneration
1, shaggy fur 1, tough skin 3
a: no special abilities


You were on level 4 of the Dungeon.
You were completely stuffed.

You visited 1 branch of the dungeon, and saw 5 of its levels.
You also visited: Ossuary.

You collected 60 gold pieces.

Inventory:

Hand Weapons
 a - a +0 war axe (weapon)
Missiles
 d - a throwing net (quivered)
Armour
 b - a +0 robe (worn)
 c - a +0 hat (worn)
Jewellery
 i - a ring of protection from fire (left claw)
 v - an amulet of magic regeneration (around neck)
Scrolls
 e - 5 scrolls of identify {unknown}
 h - a scroll of amnesia {unknown}
 k - a scroll of noise {unknown}
 n - 2 scrolls of fog {unknown}
 s - 2 scrolls of remove curse {unknown}
 u - a scroll of fear {unknown}
Potions
 g - a potion of magic {unknown}
 j - a potion of heal wounds {unknown}
 l - a potion of curing
 m - a potion of agility {unknown}
 o - 2 potions of cancellation {unknown}
 p - a potion of experience {unknown}
 q - 2 potions of brilliance {unknown}
 r - 2 potions of haste {unknown}
 t - a potion of lignification {unknown}
 x - a potion of might {unknown}
Comestibles
 f - 6 rations
 w - a chunk of flesh


   Skills:
 + Level 3.2 Fighting
 * Level 4.8 Axes
 - Level 1.7 Throwing
 + Level 3.7 Dodging


You had 5 spell levels left.
You didn't know any spells.
Your spell library was empty.

Dungeon Overview and Level Annotations

Branches:
Dungeon (5/15)
 Temple: D:4-7

Altars:
Ashenzari
Cheibriados
Nemelex Xobeh
Okawaru
Qazlal
Wu Jian


Innate Abilities, Weirdness & Mutations

You are too large for most types of armour.
You have claws for hands.
Your metabolism is lightning-fast.
You like to eat raw meat.
Your natural rate of healing is unusually fast.
You are covered in fur. (AC +1)
You have extremely tough skin. (AC +3)


Message History

The hornet stings you but does no damage.
Throwing (i - inventory)
d - 3 throwing nets (quivered)
Press: ? - help, Shift-Dir - straight line, f - hornet
Aim: a hornet You throw a throwing net.
The throwing net hits the hornet.
The hornet is caught in the net!
You feel sick.
The leopard gecko bites you but does no damage.
The hornet struggles against the net.
The leopard gecko barely misses you.
The hornet struggles against the net.
You feel sick.
The hornet struggles against the net.
The net rips apart, and the hornet comes free!
The leopard gecko bites you.
* * * LOW HITPOINT WARNING * * *
Throwing (i - inventory)
d - 2 throwing nets (quivered)
Press: ? - help, Shift-Dir - straight line, f/p - hornet
Aim: a hornet You throw a throwing net.
The throwing net hits the hornet.
The hornet is caught in the net!
You feel sick.
The hornet struggles against the net.
The leopard gecko bites you.
You die...

.. #.# .. ## #.#
.# .. .##### #.
.$... #.#..# #yl#
##@#+########
#..........#
#####.........#
#.............#
#.............#
#.(...........#
#####.........#
##########...#####
#_......_##))####


You could see a hornet (caught) and a leopard gecko.

Vanquished Creatures
  2 crimson imps (D:5)
  A hound (D:5)
  An orc priest (D:5)
  An orc wizard (D:5)
  A worker ant (D:5)
  13 mummies (Ossuary)
  4 gnolls (D:4)
  2 adders
  A dart slug (D:2)
  4 orcs (D:5)
  4 hobgoblins
  A bat (D:1)
  3 frilled lizards
  2 gnoll skeletons (Ossuary)
  2 goblin skeletons (Ossuary)
  A kobold (D:1)
  A kobold skeleton (Ossuary)
  3 orc skeletons (Ossuary)
  6 rats
  11 rat skeletons (Ossuary)
64 creatures vanquished.

Notes
Turn   | Place    | Note
-------+----------+-------------------------------------------
     0 | D:1      | Lanoc the Troll Gladiator began the quest for the Orb.
     0 | D:1      | Reached XP level 1. HP: 19/19 MP: 0/0
   193 | D:2      | Reached XP level 2. HP: 28/28 MP: 1/1
   510 | D:3      | You fall through a shaft for 2 floors!
   510 | D:5      | Entered Level 5 of the Dungeon
   511 | D:5      | Noticed a crimson imp
   517 | D:5      | Reached skill level 3 in Axes
   538 | D:5      | Found a sand-covered staircase.
   557 | Ossuary  | Entered an ossuary
   577 | Ossuary  | Reached XP level 3. HP: 10/35 MP: 2/2
   668 | Ossuary  | Reached XP level 4. HP: 42/42 MP: 3/3
   809 | Ossuary  | Reached XP level 5. HP: 50/50 MP: 4/4
   934 | Ossuary  | Reached skill level 4 in Axes
  1049 | D:5      | Reached XP level 6. HP: 59/59 MP: 5/5
  1322 | D:4      | Found an iron altar of Okawaru.
  1322 | D:4      | Found an ornate altar of the Wu Jian Council.
  1322 | D:4      | Found a snail-covered altar of Cheibriados.
  1322 | D:4      | Found a stormy altar of Qazlal.
  1335 | D:4      | Found a shattered altar of Ashenzari.
  1335 | D:4      | Found a sparkling altar of Nemelex Xobeh.
  1465 | D:4      | Noticed a hornet
  1469 | D:4      | Paralysed by a hornet for 1 turns
  1475 | D:4      | Slain by a leopard gecko

Levels and vault maps discovered:
D:1:      ebering_trefoil_twist, layout_basic, minivault_19, minmay_pentomino_w2
D:2:      layout_basic, first_ration, serial_co_window_serial,
          co_window_paths_b, co_window_of_opportunity_a, co_window_corner_a,
          co_window_paths_a, co_window_paths_b, co_window_of_opportunity_b,
          co_window_unsneaky_path_d, co_window_broadway_a, glass_columns_a
D:3:      layout_loops_ring, chequers_ecumenical_altar_simple
D:4:      layout_basic, minmay_overflow_temple_hex,
          grunt_temple_overflow_order_and_chaos_1, hangedman_glass_teeth
D:5:      layout_rooms, minmay_temple_entry_statues_pillars, enter_ossuary_2,
          trog_butcher_becter
Ossuary:  ossuary_due_small_catacomb

Skill      XL: |  1  2  3  4  5  6 |
---------------+-------------------+-----
Axes           | 3 4 |  4.8
Fighting       | 2 3 |  3.2
Dodging        | 3 |  3.7
Throwing       | |  1.7

Action                   |  1- 3 |  4- 6 || total
-------------------------+-------+-------++-------
Melee: War axe           |    76 |   149 ||   225
Throw: Throwing net      |       |     2 ||     2
  Use: Potion            |       |     1 ||     1
 Stab: Sleeping          |     1 |     1 ||     2
  Eat: Chunk             |     8 |    12 ||    20
Armor: Robe              |    25 |    45 ||    70
Dodge: Dodged            |    40 |    73 ||   113

Table legend:
 A = Non-vault XP
 B = Vault XP
 C = Vault XP percentage of total XP
 D = Non-vault monster count
 E = Vault monster count
 F = Vault count percentage of total count
                 A         B        C        D         E       F
            +---------+---------+-------+---------+---------+-------
      Total |     373 |     252 |  40.3 |      31 |      32 |  50.8
            +---------+---------+-------+---------+---------+-------
        D:1 |       8 |       1 |  11.1 |       6 |       1 |  14.3
        D:2 |      22 |       0 |   0.0 |       6 |       0 |   0.0
        D:3 |       4 |       0 |   0.0 |       3 |       0 |   0.0
        D:4 |      70 |       0 |   0.0 |       5 |       0 |   0.0
        D:5 |     269 |       0 |   0.0 |      11 |       0 |   0.0
    Ossuary |       0 |     251 | 100.0 |       0 |      31 | 100.0
            +---------+---------+-------+---------+---------+-------
